 Dungeon Crawl Stone Soup version 0.31.0-12-g77e489cdc1 (webtiles) character file.

Game seed: 14476861165590647061

14158 hawla the Fey Minotaur (level 11, -15/145 HPs)
             Began as a Minotaur Fighter on Feb 18, 2024.
             Was an Initiate of Yredelemnul.
             Demolished by a +4 long sword (19 damage)
             ... on level 13 of the Dungeon.
             The game lasted 00:33:02 (12741 turns).

hawla the Fey Minotaur (Minotaur Fighter)          Turns: 12741, Time: 00:33:04

Health: -15/145    AC: 25    Str: 21    XL:     11   Next: 85%
Magic:  19/19      EV:  2    Int:  5    God:    Yredelemnul [......]
Gold:   719        SH:  5    Dex: 14    Spells: 10/10 levels left

rFire   + . .        a - +6 long sword
rCold   . . .        c - +0 buckler
rNeg    . . .        f - melded +0 plate armour
rPois   +            k - melded +1 hat
rElec   .            I - melded +0 cloak
rCorr   .            (gloves currently unavailable)
SInv    .            E - melded +1 pair of boots {Stlth+}
Will    .....        F - amulet of faith
Stlth   +            G - ring of poison resistance
HPRegen 0.44/turn    h - ring of protection from fire
MPRegen 0.16/turn

%: faith
@: tree-form
A: stationary, stasis, torment immunity, boosted hp, (horns 2), (retaliatory
headbutt)
a: Renounce Religion, Recall Undead Harvest


You were on level 13 of the Dungeon.
You worshipped Yredelemnul.
Yredelemnul was pleased with you.
You were a tree.
You visited 1 branch of the dungeon, and saw 13 of its levels.
You also visited: Ossuary.

You collected 719 gold pieces.

Inventory:

Hand Weapons
 a - a +6 long sword (weapon)
Missiles
 b - 8 poisoned darts (quivered)
 v - a curare-tipped dart
Armour
 c - a +0 buckler (worn)
 f - a +0 plate armour (melded)
 k - a +1 hat (melded)
 E - a +1 pair of boots of stealth (melded)
 I - a +0 cloak (melded)
Jewellery
 e - a +6 ring of dexterity
 h - a ring of protection from fire (right branch)
 j - a ring of flight
 l - a ring of ice
 m - an amulet of regeneration
 o - a ring of positive energy
 u - a ring of resist corrosion
 B - a +4 ring of protection
 F - an amulet of faith (around neck)
 G - a ring of poison resistance (left branch)
Wands
 y - a wand of charming (6)
 C - a wand of polymorph (6)
 H - a wand of roots (5)
Scrolls
 g - 3 scrolls of teleportation
 w - a scroll of revelation
 x - a scroll of poison
 J - 3 scrolls of vulnerability
Potions
 d - a potion of might
 n - 2 potions of magic
 p - 3 potions of brilliance
 q - 2 potions of curing
 t - a potion of cancellation
 z - 3 potions of attraction
 A - 2 potions of berserk rage
 K - a potion of haste {unknown}
 L - a potion of invisibility
 M - a potion of enlightenment {unknown}


   Skills:
 - Level 9.0 Fighting
 - Level 2.4 Long Blades
 - Level 6.0 Throwing
 - Level 10.0 Armour
 - Level 8.0 Dodging
 - Level 5.0 Shields
 - Level 12.0 Invocations
 + Level 4.6 Evocations


You had 10 spell levels left.
You didn't know any spells.
Your spell library was empty.

Dungeon Overview and Level Annotations

Branches:
Dungeon (13/15)            Temple (0/1) D:5            Lair (0/5) D:10
    Orc (0/2) D:9          Vaults (0/5) D:13        Ossuary (visited)

Altars:
Elyvilon
Fedhas
Qazlal
Sif Muna
Uskayaw
Vehumet
Wu Jian
Xom
Yredelemnul
The Shining One

Shops:
D:4 *:?

Portals:
Trove: D:11 (give horn of Geryon)

Annotations:
D:5 3 runed translucent doors, TheBioAlchemist's ghost, novice TrFi


Innate Abilities, Weirdness & Mutations

You are a tree.
Your roots penetrate the ground, keeping you stationary.
You cannot be teleported.
You are immune to unholy pain and torment.
Your maximum health is greatly increased.
Your equipment is partially melded.
((You have a pair of horns on your head.))
((You reflexively headbutt those who attack you in melee.))


Message History

You barely miss the +4 long sword. You headbutt the +4 long sword.
The +4 long sword is heavily damaged.
The +6 long sword hits you!
* * * LOW HITPOINT WARNING * * *
You block the +4 long sword's attack. The +6 long sword hits you!
* * * LOW HITPOINT WARNING * * *
The +4 long sword hits you but does no damage.
The +6 long sword hits you but does no damage.
Okay, then.
You turn into a tree.
Your +0 cloak melds into your body.
Your +1 hat melds into your body.
Your +1 pair of boots of stealth melds into your body.
Your +0 plate armour melds into your body.
You feel less stealthy.
Your roots penetrate the ground.
The +4 long sword hits you!
* * * LOW HITPOINT WARNING * * *
The +6 long sword hits you but does no damage.
The +4 long sword hits you but does no damage.
You feel better. The +6 long sword hits you!
* * * LOW HITPOINT WARNING * * *
The +4 long sword hits you but does no damage.
The +6 long sword hits you but does no damage.
The +4 long sword hits you.
* * * LOW HITPOINT WARNING * * *
Unknown command.
Okay, then.
Aiming: Polymorph
Press: ? - help, Shift-Dir - straight line, f - +4 long sword
Aim: a +4 long sword (moderately damaged, infinite will)
The +4 long sword is unaffected.
The +6 long sword hits you!
* * * LOW HITPOINT WARNING * * *
You block the +4 long sword's attack.
Unknown command.
You slash the +4 long sword!
The +4 long sword is severely damaged.
You block the +6 long sword's attack. You block the +4 long sword's attack.
The +6 long sword hits you but does no damage.
The +4 long sword hits you!!
You die...
Your body rises from the dead as a mindless zombie.

####### ##
.......## .#
?.......##.##
.......#...#
#..$......#
####.......#
.∩/...(....##
##..(♣....##
=#..........#..
................
........<...#...
............# #.
..........###
#........##
#.........
......###


You could see 2 dancing weapons.

Vanquished Creatures
  2 two-headed ogres (D:11)
  A boulder beetle (D:12)
  A manticore (D:8)
  3 cyclopes
  3 trolls
  2 hornets
  5 slime creatures (D:12)
  6 yaks
  2 vampire mosquitoes (D:12)
  A water moccasin (D:9)
  Duvessa (D:6)
  3 orc warriors
  A sky beast (D:7)
  2 ice beasts (D:8)
  An ogre (D:5)
  4 centaurs
  2 kobold brigands
  A weeping skull (Ossuary)
  2 bullfrogs (D:8)
  3 scorpions
  A water moccasin zombie (D:5)
  2 wights (Ossuary)
  A killer bee (D:9)
  4 howler monkeys
  An orc priest (D:10)
  2 centaur skeletons (Ossuary)
  2 spectral scorpions (Ossuary)
  3 hounds
  A jelly (D:5)
  A sleepcap (D:5)
  3 iguanas
  9 orc wizards
  2 scorpion zombies (D:5)
  A hound skeleton (D:5)
  10 mummies (Ossuary)
  2 howler monkey skeletons (D:5)
  A gnoll (D:1)
  8 adders
  A shadow imp (D:7)
  A white imp (D:5)
  An ufetubus (D:6)
  2 adder skeletons (D:5)
  2 dart slugs
  4 ribbon worms
  33 orcs
  4 endoplasms
  2 giant cockroaches (D:1)
  4 goblins
  5 hobgoblins
  3 jackals (D:2)
  11 kobolds
  5 quokkas
  4 ball pythons
  7 bats
  A frilled lizard (D:2)
  2 gnoll skeletons (Ossuary)
  4 orc skeletons (Ossuary)
  3 rats (D:1)
  10 spectral rats (Ossuary)
209 creatures vanquished.

Vanquished Creatures (collateral kills)
  The ghost of gummybears the Cleaver, a journeyman MiFi of Hepliaklqana (D:11)
  2 two-headed ogres
  A water nymph (D:9)
  2 trolls
  4 slime creatures (D:12)
  4 yaks
  A black bear (D:6)
  5 orc warriors
  2 centaurs (D:11)
  Dowan (D:6)
  3 killer bees (D:9)
  2 howler monkeys
  2 jellies (D:6)
  2 orc priests
  An iguana (D:6)
  2 orc wizards
  An ufetubus (D:6)
  5 orcs
  5 kobolds (D:9)
46 creatures vanquished.

Vanquished Creatures (others)
  2 slime creature zombies (D:12)
  A two-headed ogre zombie (D:11)
  A cyclops zombie (D:11)
  3 yak zombies
  2 troll zombies (D:11)
  A bullfrog zombie (D:8)
  2 centaur zombies (D:11)
  2 howler monkey zombies
  19 orc zombies
  A jackal (D:2)
  2 kobold zombies (D:9)
  A spectral ufetubus (D:6)
37 creatures vanquished.

Grand Total: 292 creatures vanquished

Notes
Turn   | Place    | Note
-------+----------+-------------------------------------------
     0 | D:1      | hawla the Minotaur Fighter began the quest for the Orb.
     0 | D:1      | Reached XP level 1. HP: 19/19 MP: 0/0
    54 | D:1      | Reached XP level 2. HP: 25/26 MP: 1/1
   272 | D:1      | Reached skill level 5 in Shields
   404 | D:1      | Reached XP level 3. HP: 29/31 MP: 2/2
   563 | D:1      | Reached skill level 1 in Dodging
   751 | D:2      | Found a shimmering altar of Xom.
   826 | D:2      | Found a faded altar of an unknown god.
  1343 | D:3      | Reached XP level 4. HP: 39/39 MP: 3/3
  1828 | D:4      | Reached XP level 5. HP: 45/45 MP: 4/4
  1989 | D:4      | Reached skill level 5 in Dodging
  2051 | D:4      | Found Ipihoawk's Book Boutique.
  2053 | D:4      | Found Goecwaf's Assorted Antiques.
  2053 | D:4      | Found Waraps's Magic Scroll Boutique.
  2334 | D:4      | Found a shimmering blue altar of Sif Muna.
  2741 | D:5      | Entered Level 5 of the Dungeon
  2800 | D:5      | Noticed an ogre
  2807 | D:5      | Killed an ogre
  2808 | D:5      | Reached XP level 6. HP: 47/51 MP: 5/5
  2858 | D:5      | Found a runed translucent gate.
  2858 | D:5      | Found a runed translucent gate.
  2858 | D:5      | Found a runed translucent gate.
  2858 | D:5      | Noticed TheBioAlchemist's ghost (novice TrFi)
  2860 | D:5      | Found a basalt altar of Yredelemnul.
  2888 | D:5      | Became a worshipper of Yredelemnul the Dark
  3028 | D:5      | Found a sand-covered staircase.
  3042 | Ossuary  | Entered an ossuary
  3060 | Ossuary  | Reached XP level 7. HP: 57/57 MP: 6/6
  3156 | Ossuary  | Reached skill level 1 in Throwing
  3558 | D:5      | Found a staircase to the Ecumenical Temple.
  3710 | D:5      | You are sucked into a shaft and drop 3 floors!
  3760 | D:7      | Reached XP level 8. HP: 63/64 MP: 7/7
  3793 | D:6      | Reached * piety under Yredelemnul
  3793 | D:6      | Reached skill level 5 in Throwing
  4248 | D:5      | Reached skill level 5 in Fighting
  4422 | D:6      | Noticed Duvessa
  4422 | D:6      | Noticed Dowan
  4436 | D:6      | Killed Duvessa
  4449 | D:6      | Killed Dowan
  5673 | D:8      | Reached XP level 9. HP: 77/81 MP: 8/8
  5688 | D:8      | Noticed a manticore
  5698 | D:8      | HP: 2/81 [manticore (12)]
  5840 | D:8      | Killed a manticore
  6243 | D:8      | Noticed a two-headed ogre
  6245 | D:8      | Reached ** piety under Yredelemnul
  6253 | D:8      | Killed a two-headed ogre
  6900 | D:9      | Reached XP level 10. HP: 53/91 MP: 9/9
  7178 | D:9      | Noticed a two-headed ogre
  7180 | D:9      | a two-headed ogre changed into a water nymph
  7180 | D:9      | Noticed a water nymph
  7187 | D:9      | Killed a water nymph
  7188 | D:9      | Reached skill level 10 in Armour
  7188 | D:9      | Reached skill level 2 in Invocations
  7360 | D:9      | Found an ornate altar of the Wu Jian Council.
  7360 | D:9      | Found a radiant altar of Vehumet.
  7366 | D:9      | Found a white marble altar of Elyvilon.
  7368 | D:9      | Found a stormy altar of Qazlal.
  7370 | D:9      | Found a hide-covered altar of Uskayaw.
  7407 | D:9      | Found a staircase to the Orcish Mines.
  7417 | D:9      | Reached *** piety under Yredelemnul
  7425 | D:9      | Reached skill level 3 in Invocations
  7553 | D:9      | Found a glowing golden altar of the Shining One.
  7663 | D:10     | Entered Level 10 of the Dungeon
  7855 | D:10     | Found a staircase to the Lair.
  8030 | D:10     | Reached skill level 4 in Invocations
  8553 | D:10     | Reached skill level 5 in Invocations
  8890 | D:11     | Noticed a two-headed ogre
  9161 | D:11     | Reached skill level 6 in Invocations
  9352 | D:11     | Found a portal to a secret trove of treasure.
  9395 | D:11     | Found a blossoming altar of Fedhas.
  9539 | D:11     | Noticed a two-headed ogre
  9540 | D:11     | Noticed a cyclops
  9562 | D:11     | Killed a two-headed ogre
  9563 | D:11     | Reached skill level 7 in Invocations
  9568 | D:11     | Killed a cyclops
  9908 | D:11     | Killed a two-headed ogre
  9909 | D:11     | Reached skill level 8 in Invocations
  9909 | D:11     | Reached XP level 11. HP: 59/97 MP: 14/16
 10295 | D:11     | Found a runed translucent gate.
 10296 | D:11     | Found a runed translucent gate.
 10297 | D:11     | Found a runed translucent gate.
 10301 | D:11     | Noticed gummybears's ghost (journeyman MiFi)
 10465 | D:11     | Killed gummybears's ghost
 10466 | D:11     | Reached skill level 9 in Invocations
 10855 | D:12     | Reached skill level 10 in Invocations
 11328 | D:12     | Found a stormy altar of Qazlal.
 11771 | D:12     | Reached skill level 11 in Invocations
 11791 | D:12     | Reached **** piety under Yredelemnul
 11793 | D:12     | Reached ***** piety under Yredelemnul
 12234 | D:12     | Noticed a two-headed ogre
 12241 | D:12     | Killed a two-headed ogre
 12387 | D:12     | Noticed a boulder beetle
 12396 | D:12     | Killed a boulder beetle
 12397 | D:12     | Reached skill level 12 in Invocations
 12729 | D:13     | Noticed a +4 long sword
 12730 | D:13     | Found a gate to the Vaults.
 12733 | D:13     | Noticed a +6 long sword
 12740 | D:13     | HP: 3/145 [+6 long sword (9)]
 12741 | D:13     | Demolished by a +4 long sword

Illustrated notes

Levels and vault maps discovered:
D:1:      dpeg_arrival_tiny_c, layout_loops_cross
D:2:      layout_rooms, basic_altar, basic_ecumenical_altar,
          kennysheep_decorative_pillar
D:3:      layout_basic
D:4:      layout_loops_cross, lemuel_blue_sif_altar,
          nicolae_shop_distant_corner_stores
D:5:      layout_basic, nicolae_yredelemnul_ghost_church,
          minmay_temple_entry_fiery, mainiacjoe_ossuary_entry_find_the_door
D:6:      layout_cave_pods, corexii_item_surrounded_by_moat, uniq_duvessa
D:7:      layout_basic, hex_medium
D:8:      layout_basic
D:9:      layout_cave_pools, tso_oasis_becter,
          chequers_temple_overflow_minitemple, orc_0_dummy, minmay_statues_item,
          serial_library_hellmonk_reading_circle
D:10:     layout_stronghold, dpeg_oklobed_lair
D:11:     layout_stronghold, biasface_ghost_orc_armoury,
          nicolae_trove_entry_crystal, fedhas_altar_3
D:12:     layout_stronghold, nicolae_qazlal_scattered_showers
D:13:     layout_cave_pools, erik_vaults_1, serial_shops, shop, uniq_sonja

Skill      XL: |  1  2  3  4  5  6  7  8  9 10 11 |
---------------+----------------------------------+-----
Shields        | 4 5 |  5.0
Dodging        | 2 4 6 7 8 |  8.0
Throwing       | 4 6 |  6.0
Fighting       | 8 9 |  9.0
Evocations     | 4 |  4.6
Armour         | 8 10 | 10.0
Invocations    | 8 12 | 12.0
Long Blades    | |  2.4

Action                     |  1- 3 |  4- 6 |  7- 9 | 10-12 || total
---------------------------+-------+-------+-------+-------++-------
  Melee: Long sword        |    99 |   181 |   306 |   280 ||   866
         Headbutt          |    17 |    29 |    69 |    79 ||   194
  Throw: Dart              |       |       |     8 |       ||     8
 Invoke: Recall Undead Har |       |       |     1 |     4 ||     5
         Dark Bargain      |       |       |       |     2 ||     2
  Evoke: Wand              |       |       |     3 |    16 ||    19
    Use: Scroll            |     5 |     3 |     6 |    14 ||    28
         Potion            |       |       |     3 |     6 ||     9
   Stab: Distracted        |       |       |       |     5 ||     5
 Armour: Scale mail        |    68 |    78 |       |       ||   146
         Chain mail        |       |    46 |   211 |       ||   257
         Plate armour      |       |       |    35 |   440 ||   475
         Skin              |       |       |       |    10 ||    10
  Dodge: Dodged            |    46 |    82 |   155 |   197 ||   480
  Block: Buckler           |    18 |    38 |    82 |   126 ||   264
